 Dungeon Crawl Stone Soup version 0.31.0-9-g3a7656b989 (webtiles) character file.

Game seed: 18208641716461753259

100 qw the Shooter (level 4, -2/25 HPs)
             Began as a Deep Elf Hunter on Feb 2, 2024.
             Slain by an orc
             ... wielding a +0 war axe
              (9 damage)
             ... on level 3 of the Dungeon.
             The game lasted 00:00:06 (1462 turns).

qw the Shooter (Deep Elf Hunter)                    Turns: 1462, Time: 00:00:06

Health: -2/25      AC:  3    Str: 10    XL:     4   Next: 47%
Magic:  6/6        EV: 12    Int: 14    God:
Gold:   66         SH:  0    Dex: 18    Spells: 3/3 levels left

rFire   . . .        a - +0 shortbow
rCold   . . .        (shield currently unavailable)
rNeg    . . .        c - +0 leather armour
rPois   .            (no helmet)
rElec   .            (no cloak)
rCorr   .            (no gloves)
SInv    .            (no boots)
Will    .....        (no amulet)
Stlth   ++           (no ring)
HPRegen 0.24/turn    (no ring)
MPRegen 0.10/turn

%: no passive effects
@: no status effects
A: no striking features
a: no special abilities


You were on level 3 of the Dungeon.
You visited 1 branch of the dungeon, and saw 3 of its levels.

You collected 92 gold pieces.
You spent 26 gold pieces at shops.


   Skills:
 - Level 1.5 Fighting
 + Level 7.9 Ranged Weapons
 - Level 2.4 Dodging
 - Level 1.2 Stealth


You had 3 spell levels left.
You didn't know any spells.
Your spell library was empty.

Inventory:

Hand Weapons
 a - a +0 shortbow (weapon)
Armour
 c - a +0 leather armour (worn)
Jewellery
 b - a ring of ice
Potions
 e - a potion of heal wounds
 f - a potion of resistance {unknown}
 g - a potion of enlightenment {unknown}

Dungeon Overview and Level Annotations

Branches:
Dungeon (3/15)

Altars:

Shops:
D:1 [**


Message History

A ball python comes into view.
Found 4 stones.
You shoot an arrow. The arrow hits the ball python!
You kill the ball python!
Found a stone staircase leading down.
A goblin comes into view. It is wielding a +0 club.
You shoot an arrow. The arrow hits the goblin!
You kill the goblin!
Found a war axe.
There is a stone staircase leading down here.
An orc wizard comes into view. It is wielding a +3 dagger.
You shoot an arrow.
The arrow hits the orc wizard but does no damage.
The orc wizard shouts!
The orc wizard casts a spell at you.
You are confused.
1456 ||| DRINKING sapphire potion.
It was a potion of curing.
You feel better.
An orc comes into view. It is wielding a +0 war axe.
You shoot an arrow.
The arrow hits the orc wizard but does no damage.
You hear a shout!
You shoot an arrow.
The arrow closely misses the orc wizard.
An orc comes into view. It is wielding a +0 dagger.
You shoot an arrow.
The arrow hits the orc wizard but does no damage.
An orc wizard comes into view. It is wielding a +0 dagger.
The orc hits you with a +0 war axe!
The orc wizard hits you with a +3 dagger.
You shoot an arrow.
The arrow hits the orc wizard but does no damage.
The orc wizard hits you with a +3 dagger.
You shoot an arrow. The arrow hits the orc wizard.
The orc wizard is lightly wounded.
The orc barely misses you. The orc wizard completely misses you.
You shoot an arrow. The arrow hits the orc wizard.
The orc wizard is moderately wounded.
The orc wizard hits you with a +3 dagger.
The orc hits you with a +0 war axe!
You die...

##########
#).....@o#
#######.######o#
#.)......# o#
#........# o#
##........# ##
........>##
########.#
###.## #....#


You could see 2 orc wizards and 2 orcs.

Vanquished Creatures
  Jessica (D:1)
  4 adders (D:2)
  2 dart slugs
  5 endoplasms
  2 goblins
  3 hobgoblins
  2 quokkas
  5 ball pythons
  4 bats
  5 kobolds
  5 rats
38 creatures vanquished.

Notes
Turn   | Place    | Note
-------+----------+-------------------------------------------
     0 | D:1      | qw the Deep Elf Hunter began the quest for the Orb.
     0 | D:1      | Reached XP level 1. HP: 12/12 MP: 3/3
     0 | D:1      | 0 ||| qw: Version: 0.3-a-155-g5e7d8dd
     0 | D:1      | 0 ||| qw: Game counter: 863
     0 | D:1      | 0 ||| qw: Melee chars always use a shield: true
     0 | D:1      | 0 ||| qw: God list: Okawaru
     0 | D:1      | 0 ||| qw: Allow faded altars: false
     0 | D:1      | 0 ||| qw: Do Orc after clearing Dungeon:15 true
     0 | D:1      | 0 ||| qw: Do second Lair branch before Depths: true
     0 | D:1      | 0 ||| qw: Lair rune preference: random
     0 | D:1      | 0 ||| qw: Goals: Normal
     0 | D:1      | 0 ||| PLANNING D:1-11
    90 | D:1      | Reached XP level 2. HP: 16/16 MP: 4/4
   100 | D:1      | Reached skill level 6 in Ranged Weapons
   416 | D:1      | Found Mixi's Antique Armour Shoppe.
   425 | D:1      | 425 ||| SHOPLISTING ancient leather armour (189 gold, have
                  | 34).
   425 | D:1      | 425 ||| SHOPLISTING pair of boots (121 gold, have 34).
   425 | D:1      | 425 ||| SHOPLISTING runed scarf (216 gold, have 34).
   425 | D:1      | 425 ||| SHOPLISTING shimmering scale mail (243 gold, have
                  | 34).
   438 | D:1      | Found Enuugrul's General Store.
   448 | D:1      | 448 ||| SHOPLISTING amulet of guardian spirit (390 gold,
                  | have 34).
   448 | D:1      | 448 ||| BUYING scroll of identify (26 gold).
   448 | D:1      | Bought a scroll of identify for 26 gold pieces
   448 | D:1      | 448 ||| SHOPLISTING wand of paralysis (5) (156 gold, have
                  | 8).
   745 | D:1      | Found Orioboma's Assorted Antiques.
   749 | D:1      | 749 ||| SHOPLISTING cyan potion (23 gold, have 17).
   749 | D:1      | 749 ||| SHOPLISTING moonstone ring (130 gold, have 17).
   749 | D:1      | 749 ||| SHOPLISTING runed sling (117 gold, have 17).
   749 | D:1      | 749 ||| SHOPLISTING scroll labelled EPHAYNK LUIWEO (26
                  | gold, have 17).
   749 | D:1      | 749 ||| SHOPLISTING scroll labelled LEMMIB CETEOTI (26
                  | gold, have 17).
   749 | D:1      | 749 ||| SHOPLISTING scroll labelled NIRPHU FEUL (26 gold,
                  | have 17).
   749 | D:1      | 749 ||| SHOPLISTING scroll labelled OCLANAPOYC (26 gold,
                  | have 17).
   749 | D:1      | 749 ||| SHOPLISTING scroll of identify (52 gold, have 17).
   838 | D:1      | 838 ||| READING scroll of identify.
   838 | D:1      | 838 ||| IDENTIFYING cyan potion
   839 | D:1      | 839 ||| READING scroll labelled CIEFEU QEGAUM.
   842 | D:1      | 842 ||| READING scroll labelled BUNAP ONGE VIE.
   843 | D:1      | 843 ||| DROPPING scroll of butterflies.
   852 | D:2      | Noticed Jessica
   854 | D:2      | 854 ||| STAIRDANCE
   857 | D:1      | Killed Jessica
   858 | D:1      | Reached skill level 7 in Ranged Weapons
   858 | D:1      | Reached XP level 3. HP: 9/20 MP: 5/5
   996 | D:2      | Reached XP level 4. HP: 24/25 MP: 6/6
  1105 | D:2      | Found a faded altar of an unknown god.
  1304 | D:2      | You fall into a shaft and drop 1 floor!
  1330 | D:3      | 1330 ||| DROPPING ring of wizardry.
  1331 | D:3      | 1331 ||| READING scroll labelled OCLANAPOYC.
  1333 | D:3      | 1333 ||| FLEEEEING.
  1334 | D:3      | 1334 ||| FLEEEEING.
  1335 | D:3      | 1335 ||| STAIRDANCE
  1456 | D:3      | 1456 ||| DRINKING sapphire potion.
  1462 | D:3      | Slain by an orc

Levels and vault maps discovered:
D:1:      dpeg_arrival_shrine, layout_basic, serial_shops,
          nicolae_shop_back_alley_shop, shop, nicolae_lakefront_shop
D:2:      layout_rooms, chequers_ecumenical_altar_simple, uniq_jessica
D:3:      layout_basic, minivault_11, uniq_grinder

Skill      XL: |  1  2 |
---------------+-------+-----
Ranged Weapons | 7 |  7.9
Fighting       | |  1.5
Dodging        | |  2.4
Stealth        | |  1.2

Action                     |  1- 3 |  4- 6 || total
---------------------------+-------+-------++-------
   Fire: Shortbow          |    90 |    33 ||   123
    Use: Scroll            |     3 |     1 ||     4
         Potion            |       |     1 ||     1
 Armour: Leather armour    |    16 |     8 ||    24
  Dodge: Dodged            |    35 |     6 ||    41

Table legend:
 A = Non-vault XP
 B = Vault XP
 C = Vault XP percentage of total XP
 D = Non-vault monster count
 E = Vault monster count
 F = Vault count percentage of total count
                 A         B        C        D         E       F
            +---------+---------+-------+---------+---------+-------
      Total |     107 |      37 |  25.7 |      37 |       1 |   2.6
            +---------+---------+-------+---------+---------+-------
        D:1 |      28 |      37 |  56.9 |      18 |       1 |   5.3
        D:2 |      71 |       0 |   0.0 |      15 |       0 |   0.0
        D:3 |       8 |       0 |   0.0 |       4 |       0 |   0.0
            +---------+---------+-------+---------+---------+-------
